 Dungeon Crawl Stone Soup version 0.30-a0-924-g0ad0bf95bc (webtiles) character file.

Game seed: 11395000398425724937

32 DeathPants the Sneak (level 3, 0/20 HPs)
             Began as a Vine Stalker Monk on Mar 22, 2023.
             Succumbed to an adder's poison
             ... on level 2 of the Dungeon.
             The game lasted 00:01:59 (480 turns).

DeathPants the Sneak (Vine Stalker Monk)             Turns: 480, Time: 00:01:59

Health: 0/20       AC:  2    Str: 10 (13) XL:     3   Next: 27%
Magic:  2/4        EV: 13    Int:  8 (10) God:
Gold:   40         SH:  0    Dex: 15 (18) Spells: 2/2 levels left

rFire   . . .      SeeInvis .    a - +0 short sword
rCold   . . .      Faith    .    (no shield)
rNeg    . . .      Spirit   +    b - +0 robe
rPois   .          Reflect  .    (no helmet)
rElec   .          Rampage  .    (no cloak)
rCorr   .                        (no gloves)
Will    .....                    (no boots)
Stlth   ++                       (no amulet)
HPRegen 0.23/turn                (no ring)
MPRegen 0.09/turn                (no ring)

@: lethally poisoned (0 -> -2)
A: fangs 2, magic shield, antimagic bite, no potion heal 2
a: no special abilities


You were on level 2 of the Dungeon.
You visited 1 branch of the dungeon, and saw 2 of its levels.

You collected 40 gold pieces.

Inventory:

Hand Weapons
 a - a +0 short sword (weapon)
Missiles
 d - 2 javelins (quivered)
 e - 6 poisoned darts
Armour
 b - a +0 robe (worn)
Scrolls
 i - a scroll of immolation {unknown}
Potions
 c - a potion of ambrosia
 k - a potion of berserk rage {unknown}


   Skills:
 + Level 3.0 Fighting
 + Level 3.0 Short Blades
 + Level 2.7 Dodging
 + Level 3.1 Stealth


You had 2 spell levels left.
You didn't know any spells.
Your spell library was empty.

Dungeon Overview and Level Annotations

Branches:
Dungeon (2/15)

Altars:


Innate Abilities, Weirdness & Mutations

You have extremely sharp teeth.
When hurt, damage is shared between your health and your magic reserves.
Your bite disrupts and absorbs the magic of your enemies.
Potions cannot restore your health.


Message History

You barely miss the adder.
The adder is heavily wounded.
You feel sick. The adder closely misses you.
You hit the adder. Your bite misses the adder.
The adder is almost dead.
You feel sick. The adder bites you.
You are more poisoned.
The adder poisons you!
You hit the adder but do no damage.
The adder is almost dead.
You feel sick. The adder bites you.
You are lethally poisoned!
The adder poisons you! The goblin hits you but does no damage.
You miss the adder.
The adder is almost dead.
* * * LOW HITPOINT WARNING * * *
You feel sick. The adder misses you. The goblin barely misses you.
You hit the adder.
You kill the adder!
* * * LOW HITPOINT WARNING * * *
You feel sick.
It was a potion of degeneration.
There was something very wrong with that liquid.
You feel weakened.
You feel dopey.
You feel clumsy.
* * * LOW HITPOINT WARNING * * *
You feel sick. The goblin hits you but does no damage.
It was a potion of might.
You feel very mighty all of a sudden.
* * * LOW HITPOINT WARNING * * *
You feel sick. The rat bites you. The goblin misses you.
It was a potion of brilliance.
You feel clever all of a sudden.
* * * LOW HITPOINT WARNING * * *
You feel sick. The rat misses you. The goblin hits you with a +0 dagger.
* * * LOW HITPOINT WARNING * * *
It was a potion of cancellation.
Your magical effects are unravelling.
You feel magically purged.
You feel a little less mighty now.
You feel a little less clever now.
You die...

..# #.# ..#######.#
##..........#
#..#######..# # ##.#
#..### . #..### ##....#
. #....#####..##.##.
#.................
#@...####.........
..$...rg.### #.#.......
.........######.#.......
........................
(......########.#......#
..(.... #.##......
.###.## ###......... ..
#....##.....
#....##.....


You could see a goblin and a rat.

Vanquished Creatures
  2 adders (D:2)
  An endoplasm (D:1)
  3 giant cockroaches (D:1)
  2 goblins
  A kobold (D:2)
  A quokka (D:2)
  2 ball pythons
  A frilled lizard (D:2)
  2 rats
15 creatures vanquished.

Notes
Turn   | Place    | Note
-------+----------+-------------------------------------------
     0 | D:1      | DeathPants the Vine Stalker Monk began the quest for the
                  | Orb.
     0 | D:1      | Reached XP level 1. HP: 11/11 MP: 2/2
   176 | D:1      | Reached XP level 2. HP: 16/16 MP: 3/3
   211 | D:2      | Found a faded altar of an unknown god.
   366 | D:2      | Reached XP level 3. HP: 18/20 MP: 4/4
   479 | D:2      | HP: 1/20 [goblin/+0 dagger (1)]
   480 | D:2      | Succumbed to an adder's poison

Illustrated notes

Levels and vault maps discovered:
D:1:      sevenhm_arrival_forest_fort_small_4, layout_rooms,
          minmay_small_reverse_x
D:2:      layout_rooms, ebering_ecumenical_altar_box

Skill      XL: |  1  2 |
---------------+-------+-----
Stealth        | 3 |  3.1
Fighting       | 3 |  3.0
Short Blades   | 3 |  3.0
Dodging        | |  2.7

Action                     || total
---------------------------++-------
  Melee: Short sword       ||    57
         Bite              ||    12
  Throw: Javelin           ||     6
    Use: Potion            ||     4
 Armour: Robe              ||     7
  Dodge: Dodged            ||    28

Table legend: (Time is in decaauts)
 A = Elapsed time spent in this place.
 B = Non-inter-level travel time spent in this place.
 C = Inter-level travel time spent in this place.
 D = Time resting spent in this place.
 E = Time spent auto-exploring this place.
 F = Levels seen in this place.
 G = Mean time per level.
                   A        B        C        D        E       F      G
               +--------+--------+--------+--------+--------+-----+--------+
         Total |    477 |    477 |      0 |      0 |    265 |   2 |  238.5 |
       Dungeon |    477 |    477 |      0 |      0 |    265 |   2 |  238.5 |
               +--------+--------+--------+--------+--------+-----+--------+

Top non-repeatable levels by time:
     D:2: 288 daAuts
     D:1: 189 daAuts
